 Dungeon Crawl Stone Soup version 0.17-a0-1842-gacc33f2 (webtiles) character file.

151 Dargon the Scratcher (level 5, 0/25 HPs)
             Began as a Felid Transmuter on Sept 17, 2015.
             Slain by an iguana (9 damage)
             ... on level 4 of the Dungeon.
             The game lasted 00:12:28 (4364 turns).

Dargon the Scratcher (Felid Transmuter)             Turns: 4364, Time: 00:12:29

Health: 0/25       AC:  1    Str:  6    XL:     5   Next: 10%
Magic:  7/9        EV: 19    Int: 14    God:
Gold:   203        SH:  0    Dex: 18    Spells: 2 memorised, 4 levels left
                                        Lives:  0   Deaths: 1

rFire  . . .     SeeInvis +       - Unarmed
rCold  . . .     Clarity  .     (armour unavailable)
rNeg   + . .     SustAt   .     (shield unavailable)
rPois  .         Gourm    .     (helmet unavailable)
rElec  .         Spirit   .     (cloak unavailable)
rCorr  .         Warding  +     (gloves unavailable)
rMut   .         Stasis   .     (boots unavailable)
MR     +....                    n - amulet of warding
Stlth  ++........               (no ring)
                                j - ring of protection from magic

@: appendage (expiring), quick, somewhat resistant to hostile enchantments,
unstealthy
A: no armour, no weapons or thrown items, claws 1, fangs 3, horns 2, see
invisible, carnivore 3, speed 1, shaggy fur 1, slow metabolism 1, sharp paws
a: End Transformation


You were on level 4 of the Dungeon.
You were completely stuffed.
You had grown temporary horns.
You visited 1 branch of the dungeon, and saw 4 of its levels.

You collected 203 gold pieces.

Inventory:

Jewellery
 j - a ring of protection from magic (left paw)
 n - an amulet of warding (around neck)
Scrolls
 i - a scroll of fog
 m - a scroll of amnesia
 q - a scroll of remove curse
 r - a scroll of recharging
Potions
 a - a potion of resistance {unknown}
 d - a potion of invisibility {unknown}
 e - a potion of curing {unknown}
 f - a potion of brilliance
 g - a potion of cancellation
 p - a potion of berserk rage
Books
 b - a book of Changes

   Spells                             Type                      Level
   a - Beastly Appendage              Transmutation                1
   b - Sticks to Snakes               Transmutation                2
   c - Spider Form                    Transmutation/Poison         3
   d - Ice Form                       Ice/Transmutation            4
   e - Blade Hands                    Transmutation                5
Comestibles
 c - a meat ration
 h - a royal jelly


   Skills:
 * Level 3.8 Fighting
 + Level 3.7 Dodging
 * Level 4.9 Unarmed Combat
 - Level 2.0 Spellcasting
 - Level 2.1 Transmutations


You had 4 spell levels left.
You knew the following spells:

 Your Spells              Type           Power        Failure   Level  Hunger
a - Beastly Appendage     Trmt           #.....       12%         1    ##.....
b - Spider Form           Trmt/Pois      #.........   47%         3    ####...


Dungeon Overview and Level Annotations

Branches:
Dungeon (4/15)
 Temple: D:4-7

Altars:
Gozag
Okawaru
Qazlal


Innate Abilities, Weirdness & Mutations

You cannot wear armour.
You are incapable of wielding weapons or throwing items.
You have sharp claws.
You have razor-sharp teeth.
You have supernaturally acute eyesight.
You are carnivorous and can eat meat at any time.
You cover ground quickly.
You are covered in fur (AC +1).
You have a slow metabolism.
Your sharp claws are effective at attacking unaware monsters.
You have a pair of horns on your head.


Message History

You closely miss the hound. Your headbutt misses the hound.
Your bite misses the hound. The hound bites you. The hound bites you.
You scratch the hound.
The hound is heavily wounded.
The hound barely misses you.
An iguana comes into view.
You scratch the hound.
The hound is severely wounded.
The hound bites you.
You scratch the hound.
The hound is almost dead.
Your transformation is almost over.
The hound bites you. x2
You scratch the hound but do no damage. You bite the hound.
You kill the hound!
Welcome back to level 5!
You scratch the iguana.
The iguana is lightly wounded.
The iguana bites you!
You die...

#.......##...#...
#+#.#.#.########
#.## .........#...
#.<# ...##.#.##.##
#.....#
#........###.###.#
##.#.#........ #.#
#.........## #.#
.+#.#.#....# #.#
.......@...# ..#
#.#.#.#l...+ ###
#.....>....#
#.#.#.#....#
#.......####
#.#.#.### #... .#


You could see an iguana.

Vanquished Creatures
  A hound (D:4)
  An orc priest (D:3)
  An orc wizard (D:3)
  An iguana (D:4)
  A worker ant (D:4)
  2 adders (D:3)
  6 worms
  2 giant geckos
  7 orcs
  3 giant cockroaches
  9 goblins
  5 hobgoblins
  4 jackals (D:1)
  9 kobolds
  A quokka (D:3)
  3 ball pythons
  11 bats
  3 giant newts (D:1)
  A quokka skeleton (D:3)
  8 rats
79 creatures vanquished.

Vanquished Creatures (others)
  A plant (D:3)
1 creature vanquished.

Grand Total: 80 creatures vanquished

Notes
Turn   | Place    | Note
--------------------------------------------------------------
     0 | D:1      | Dargon the Felid Transmuter began the quest for the Orb.
     0 | D:1      | Reached XP level 1. HP: 9/9 MP: 4/4
   490 | D:1      | Reached XP level 2. HP: 10/13 MP: 6/6
  1660 | D:2      | Reached XP level 3. HP: 16/16 MP: 5/7
  1875 | D:2      | Found a stormy altar of Qazlal.
  2048 | D:2      | Found an iron altar of Okawaru.
  2091 | D:2      | Found an opulent altar of Gozag.
  2793 | D:3      | Reached XP level 4. HP: 18/20 MP: 8/8
  2804 | D:3      | Reached skill level 4 in Unarmed Combat
  3177 | D:3      | Reached XP level 5. HP: 17/24 MP: 9/9
  4052 | D:4      | Learned a level 3 spell: Spider Form
  4071 | D:4      | Slain by a worker ant
  4072 | D:4      | Reached XP level 4. HP: 0/21 MP: 8/8
  4363 | D:4      | Reached XP level 5. HP: 9/25 MP: 7/9
  4364 | D:4      | Slain by an iguana

Vault maps used:
D:1:      dpeg_arrival_line_fractal
D:2:      lemuel_doored_altar, overflow_temple_1_default,
          nicolae_gozag_cash_rules_everything_around_me, first_bread
D:3:      serial_bayou, serial_bayou_lagoon_a, serial_bayou_lagoon_b,
          serial_bayou_crossing, serial_bayou_shore_a
D:4:      gammafunk_temple_overflow_statue, st_stairs_13, uniq_natasha

Action                   |  1- 3 |  4- 6 || total
-------------------------+-------+-------++-------
Melee: Unarmed           |   163 |    89 ||   252
 Cast: Beastly Appendage |     3 |     9 ||    12
  Use: Scroll            |       |    11 ||    11
 Stab: Sleeping          |     4 |     2 ||     6
       Distracted        |     1 |       ||     1
  Eat: Chunk             |    11 |     1 ||    12
       Meat ration       |       |     1 ||     1
